 Dungeon Crawl Stone Soup version 0.30-a0-347-gf58ed5266c (webtiles) character file.

Game seed: 5102290355557058382

23 Lanoc the Vexing (level 2, -2/16 HPs)
             Began as a Deep Elf Hexslinger on Nov 6, 2022.
             Slain by a gnoll
             ... wielding a +0 club
              (5 damage)
             ... on level 2 of the Dungeon.
             The game lasted 00:01:28 (460 turns).

Lanoc the Vexing (Deep Elf Hexslinger)               Turns: 460, Time: 00:01:28

Health: -2/16      AC:  2    Str:  7    XL:     2   Next: 75%
Magic:  6/6        EV: 12    Int: 17    God:
Gold:   53         SH:  0    Dex: 15    Spells: 3/4 levels left

rFire   . . .      SeeInvis .    a - +1 sling
rCold   . . .      Faith    .    (no shield)
rNeg    . . .      Spirit   .    c - +0 robe
rPois   .          Reflect  .    (no helmet)
rElec   .          Harm     .    (no cloak)
rCorr   .          Rampage  .    (no gloves)
Will    .....                    (no boots)
Stlth   +.........               (no amulet)
HPRegen 0.22/turn                (no ring)
MPRegen 0.10/turn                (no ring)

@: no status effects
A: no striking features
a: no special abilities


You were on level 2 of the Dungeon.
You visited 1 branch of the dungeon, and saw 2 of its levels.

You collected 53 gold pieces.

Inventory:

Hand Weapons
 a - a +1 sling (weapon)
Armour
 c - a +0 robe (worn)
Scrolls
 b - a scroll of poison
 e - 2 scrolls of identify {unknown}
Potions
 d - a potion of resistance {unknown}
 f - a potion of flight {unknown}


   Skills:
 - Level 0.7 Fighting
 * Level 4.0 Ranged Weapons
 - Level 2.4 Dodging
 - Level 1.5 Spellcasting
 - Level 4.5 Hexes


You had 3 spell levels left.
You knew the following spells:

 Your Spells              Type           Power      Damage    Failure   Level
a - Slow                  Hex            64%        N/A       3%          1

Your spell library contained the following spells:

 Spells                   Type           Power      Damage    Failure   Level
 Apportation              Tloc           2%         N/A       21%         1
 Inner Flame              Hex/Fire       8%         N/A       24%         3
 Portal Projectile        Hex/Tloc       16%        N/A       24%         3
 Cause Fear               Hex            8%         N/A       32%         4
 Alistair's Intoxication  Tmut/Pois      0%         N/A       99%         5


Dungeon Overview and Level Annotations

Branches:
Dungeon (2/15)

Altars:

Shops:
D:2 =


Message History

A dart slug is nearby!
You shoot a sling bullet. The sling bullet hits the dart slug!
The dart slug is severely wounded.
You shoot a sling bullet. The sling bullet hits the dart slug.
You kill the dart slug!
Your Ranged Weapons skill increases to level 4!
No target in view!
No target in view!
There is an entrance to Geshriap's Jewellery Emporium here.
You can access your shopping list by pressing '$'.
A quokka comes into view.
The quokka moves out of view.
A kobold comes into view. It is wielding a +0 club.
You shoot a sling bullet. The sling bullet misses the kobold.
The kobold shouts!
No target in view!
No target in view!
The gnoll shouts!
You hear a shout!
The kobold hits you with a +0 club.
You shoot a sling bullet. The sling bullet hits the quokka.
The quokka is heavily wounded.
The kobold barely misses you. The quokka bites you.
You shoot a sling bullet.
The sling bullet closely misses the quokka.
The sling bullet hits the gnoll.
The gnoll is moderately wounded.
The kobold misses you. The kobold barely misses you.
The quokka closely misses you.
You shoot a sling bullet.
The sling bullet barely misses the quokka.
The quokka bites you. The kobold hits you but does no damage.
The kobold hits you with a +0 short sword.
The quokka misses you. The kobold hits you with a +0 club.
The kobold hits you with a +0 short sword.
* * * LOW HITPOINT WARNING * * *
The gnoll misses you. The gnoll attacks as you move away!
The gnoll barely misses you. The kobold attacks as you move away!
The kobold misses you. The gnoll attacks as you move away!
The gnoll hits you with a +0 club.
You die...

#. .. . #.#....
########.#.#..#.# ## ###
...##.#.#.#..#.. ....
.##....#.#.#....####.#.## .
................g......
..#.......... #KgrK..#.#######
..#.##.###.#####@#...........#
>..........∩...#.#.#...<#
###.##.#####.#...#.#.....#
....##.#.....#...#.#..##.#
######.#.#####...#.#.$ .# #
... #...#.#. .K # ..# ....#.#.
... # #..# ###..# # ... #...
##.# ...#


You could see 2 gnolls, a quokka and 2 kobolds.

Vanquished Creatures
  2 dart slugs
  2 endoplasms (D:1)
  A giant cockroach (D:1)
  A kobold (D:1)
  2 quokkas (D:1)
  2 ball pythons (D:1)
  3 bats (D:1)
  A frilled lizard (D:1)
  7 rats (D:1)
21 creatures vanquished.

Notes
Turn   | Place    | Note
-------+----------+-------------------------------------------
     0 | D:1      | Lanoc the Deep Elf Hexslinger began the quest for the Orb.
     0 | D:1      | Reached XP level 1. HP: 11/11 MP: 5/5
    89 | D:1      | Reached XP level 2. HP: 16/16 MP: 6/6
   437 | D:2      | Found Geshriap's Jewellery Emporium.
   460 | D:2      | Slain by a gnoll

Illustrated notes

Levels and vault maps discovered:
D:1:      lightli_arrival_boilingwater, layout_rooms
D:2:      layout_basic, serial_shops, nicolae_shop_trees, shop, shop,
          nicolae_shop_temple_entry_statues_fountains, shop, uniq_terence

Skill      XL: |  1  2 |
---------------+-------+-----
Ranged Weapons | 3 4 |  4.0
Fighting       | |  0.7
Dodging        | |  2.4
Spellcasting   | |  1.5
Hexes          | |  4.5

Action                   || total
-------------------------++-------
 Fire: Sling             ||    71
Armor: Robe              ||     5
Dodge: Dodged            ||    25

Table legend: (Time is in decaauts)
 A = Elapsed time spent in this place.
 B = Non-inter-level travel time spent in this place.
 C = Inter-level travel time spent in this place.
 D = Time resting spent in this place.
 E = Time spent auto-exploring this place.
 F = Levels seen in this place.
 G = Mean time per level.
                   A        B        C        D        E       F      G
               +--------+--------+--------+--------+--------+-----+--------+
         Total |    479 |    449 |     30 |      0 |    321 |   2 |  239.5 |
       Dungeon |    479 |    449 |     30 |      0 |    321 |   2 |  239.5 |
               +--------+--------+--------+--------+--------+-----+--------+

Top non-repeatable levels by time:
     D:1: 441 daAuts
     D:2: 37 daAuts
